 Dungeon Crawl Stone Soup version 0.28.0-53-g5a82cb258f (webtiles) character file.

Game seed: 7013122008800324568

658 tizbic2 the Skirmisher (level 7, -5/72 HPs)
             Began as an Ogre Brigand on July 17, 2022.
             Slain by Duvessa
             ... wielding a +2 short sword of holy wrath
              (12 damage)
             ... on level 4 of the Dungeon.
             The game lasted 00:21:30 (4772 turns).

tizbic2 the Skirmisher (Ogre Brigand)               Turns: 4772, Time: 00:21:31

Health: -5/72      AC:  4    Str: 16    XL:     7   Next: 55%
Magic:  7/7        EV:  9    Int: 12    God:
Gold:   154        SH:  0    Dex: 12    Spells: 6/6 levels left

rFire   . . .      SeeInvis .   e - +4 dagger
rCold   . . .      Faith    .   (no shield)
rNeg    . . .      Spirit   .   o - +0 animal skin
rPois   .          Reflect  .   (helmet restricted)
rElec   .          Harm     .   c - +0 cloak
rCorr   .          Rampage  .   (gloves unavailable)
Will    .....                   (boots unavailable)
Stlth   ++........              b - amulet of regeneration
HPRegen 1.02/turn               q - +4 ring of slaying
MPRegen 0.10/turn               (no ring)

@: studying Throwing
A: large, unfitting armour, tough skin 1
a: no special abilities


You were on level 4 of the Dungeon.
You visited 1 branch of the dungeon, and saw 4 of its levels.

You collected 154 gold pieces.

Inventory:

Hand Weapons
 a - a +2 dagger
 e - a +4 dagger (weapon)
 p - a +0 dagger of speed
 r - a +1 whip of venom
 v - a +3 dagger of electrocution
Missiles
 d - 6 poisoned darts
 f - 61 stones (quivered)
 g - an atropa-tipped dart
 h - a curare-tipped dart
Armour
 c - a +0 cloak (worn)
 o - a +0 animal skin (worn)
Magical Staves
 u - a staff of earth
Jewellery
 b - an amulet of regeneration (around neck)
 m - a ring of ice
 q - a +4 ring of slaying (left hand)
Scrolls
 j - a scroll of magic mapping
 k - 2 scrolls of teleportation
 s - 2 scrolls of identify
 t - a scroll of amnesia
Potions
 i - 2 potions of curing
 l - a potion of degeneration {unknown}
 n - a potion of heal wounds {unknown}


   Skills:
 - Level 5.1 Fighting
 + Level 4.5 Short Blades
 * Level 4.2 Throwing
 - Level 1.2 Dodging
 + Level 4.2 Stealth
 - Level 1.1 Summonings


You had 6 spell levels left.
You didn't know any spells.
Your spell library contained the following spells:

 Spells                   Type           Power      Damage    Failure   Level
 Call Imp                 Summ           2%         N/A       32%         2
 Call Canine Familiar     Summ           2%         N/A       54%         3
 Summon Ice Beast         Ice/Summ       1%         N/A       95%         4


Dungeon Overview and Level Annotations

Branches:
Dungeon (4/15)
 Temple: D:4-7

Altars:

Shops:
D:4 [

Annotations:
D:4 Duvessa


Innate Abilities, Weirdness & Mutations

You are too large for most types of armour.
You have tough skin. (AC +1)


Message History

You throw an atropa-tipped dart. The atropa-tipped dart hits Duvessa!
Duvessa appears confused.
Duvessa hits the ball python with a +2 short sword of holy wrath!
The ball python is killed!
Duvessa hits herself with a +2 short sword of holy wrath!
Duvessa shouts!
You puncture Duvessa!
Duvessa is moderately wounded.
Duvessa barely misses herself.
You hit Duvessa but do no damage.
Duvessa is moderately wounded.
Duvessa seems less confused.
Duvessa barely misses you.
You barely miss Duvessa.
Duvessa is moderately wounded.
Duvessa hits you with a +2 short sword of holy wrath!
You closely miss Duvessa.
Duvessa is moderately wounded.
Duvessa barely misses you.
You puncture Duvessa!
Duvessa is heavily wounded.
Duvessa hits you with a +2 short sword of holy wrath!!
You puncture Duvessa!
Duvessa is severely wounded.
Duvessa closely misses you. Duvessa misses you.
You barely miss Duvessa.
Duvessa is severely wounded.
Duvessa hits you with a +2 short sword of holy wrath!!
* * * LOW HITPOINT WARNING * * *
You hit Duvessa.
Duvessa is severely wounded.
Found 9 gold pieces.
Found a stone staircase leading down.
Duvessa is no longer blind.
Duvessa hits you with a +2 short sword of holy wrath!
* * * LOW HITPOINT WARNING * * *
Duvessa hits you but does no damage.
Things that are here:
a +3 dagger of electrocution; a +0 robe; an atropa-tipped dart
v - a +3 dagger of electrocution Duvessa hits you with a +2 short sword of holy wrath!
You die...

# #.# ### ..# ### .##
##<. # #.. #.# #.##
...####################>
................@e.....$
.).#####################
...# ...# ...# ####


You could see Duvessa (berserk).

Vanquished Creatures
  Sigmund (D:2)
  An ogre (D:4)
  A scorpion (D:4)
  Dowan (D:4)
  A hound (D:4)
  Robin (D:3)
  7 gnolls
  9 adders
  3 worms
  A dart slug (D:2)
  5 orcs
  6 ball pythons
  3 endoplasms
  4 giant cockroaches
  14 goblins
  8 hobgoblins
  4 jackals (D:1)
  A quokka (D:3)
  6 bats
  9 kobolds
  5 rats
91 creatures vanquished.

Vanquished Creatures (collateral kills)
  An iguana (D:4)
  A quokka (D:4)
2 creatures vanquished.

Grand Total: 93 creatures vanquished

Notes
Turn   | Place    | Note
-------+----------+-------------------------------------------
     0 | D:1      | tizbic2 the Ogre Brigand began the quest for the Orb.
     0 | D:1      | Reached XP level 1. HP: 22/22 MP: 1/1
    37 | D:1      | Reached skill level 1 in Dodging
   154 | D:1      | Reached XP level 2. HP: 21/29 MP: 2/2
   337 | D:1      | Reached skill level 3 in Fighting
   635 | D:1      | Reached XP level 3. HP: 37/37 MP: 3/3
  1255 | D:2      | Found a faded altar of an unknown god.
  1466 | D:2      | Reached XP level 4. HP: 26/45 MP: 4/4
  1787 | D:2      | Noticed Sigmund
  1801 | D:2      | HP: 2/45 [Sigmund/+0 scythe (11)]
  1802 | D:2      | Killed Sigmund
  1803 | D:2      | Reached skill level 4 in Fighting
  1803 | D:2      | Reached XP level 5. HP: 3/54 MP: 5/5
  2189 | D:2      | Reached XP level 6. HP: 53/62 MP: 6/6
  3483 | D:3      | Noticed Robin
  3519 | D:3      | Killed Robin
  4207 | D:3      | Got the Handbook of Creation
  4591 | D:4      | Reached XP level 7. HP: 70/71 MP: 7/7
  4608 | D:4      | Reached skill level 5 in Fighting
  4608 | D:4      | Reached skill level 1 in Summonings
  4664 | D:4      | Found Buxagh's Antique Armour Emporium.
  4749 | D:4      | Noticed Dowan
  4752 | D:4      | Noticed Duvessa
  4761 | D:4      | Killed Dowan
  4772 | D:4      | Slain by Duvessa

Illustrated notes

Levels and vault maps discovered:
D:1:      dpeg_arrival_fog, layout_basic
D:2:      layout_basic, shapermc_ecumenical_altar_totnotflames, uniq_sigmund
D:3:      layout_loops_ring, kennysheep_nub, uniq_robin
D:4:      layout_rooms, serial_shops, kennysheep_mini_moat, minmay_manual_mail,
          uniq_duvessa

Skill      XL: |  1  2  3  4  5  6  7 |
---------------+----------------------+-----
Stealth        | 3 4 |  4.2
Dodging        | 1 |  1.2
Short Blades   | 2 3 4 |  4.5
Fighting       | 3 4 5 |  5.1
Throwing       | 3 4 |  4.2
Summonings     | 1 |  1.1

Action                   |  1- 3 |  4- 6 |  7- 9 || total
-------------------------+-------+-------+-------++-------
Melee: Dagger            |    82 |   165 |    49 ||   296
       Punch             |       |     1 |       ||     1
       Whip              |       |       |     2 ||     2
Throw: Stone             |    41 |    58 |       ||    99
       Dart              |    17 |    14 |     2 ||    33
  Use: Scroll            |     2 |     2 |     1 ||     5
       Potion            |       |     1 |       ||     1
 Stab: Sleeping          |     1 |     1 |     1 ||     3
       Invisible         |       |       |     1 ||     1
Armor: Robe              |    36 |    19 |       ||    55
       Animal skin       |       |    14 |     5 ||    19
Dodge: Dodged            |    47 |    62 |    19 ||   128
